 Dungeon Crawl Stone Soup version 0.26.1-11-gd32895ea62 (webtiles) character file.

Game seed: 9831769274053594254

4557 Riddle the Skirmisher (level 10, -9/79 (82) HPs)
             Began as a Vine Stalker Fighter on May 4, 2021.
             Was an Initiate of Ru.
             Mangled by a sixfirhy (11 damage)
             ... summoned by an orc high priest
             ... in a bailey.
             The game lasted 00:18:44 (8800 turns).

Riddle the Skirmisher (Vine Stalker Fighter)        Turns: 8800, Time: 00:18:44

HP:   -9/79 (82)    AC: 10    Str: 29    XL:     10   Next: 40%
MP:   0/11          EV:  7    Int:  8    God:    Ru [......]
Gold: 559           SH: 12    Dex: 13    Spells: 9/9 levels left

rFire    . . .     SeeInvis .   a - +0 war axe
rCold    . . .     Faith    .   c - +0 kite shield
rNeg     . . .     Spirit   +   E - +2 chain mail {rPois}
rPois    +         Reflect  .   b - +2 helmet
rElec    .         Harm     .   G - +0 cloak
rCorr    .         Rampage  .   (no gloves)
Will     +....                  v - +0 pair of boots
Stlth    ..........             h - amulet of regeneration
HPRegen  1.03/turn              o - +6 ring of strength (curse)
MPRegen  0.12/turn              t - +4 ring of protection

@: berserking, about to teleport, corroded, lightly drained, very quick
A: fangs 3, regeneration 1, magic shield, antimagic bite, no potion heal 3
a: Renounce Religion


You were in a bailey.
You worshipped Ru.
Ru was noncommittal.
You visited 2 branches of the dungeon, and saw 11 of its levels.
You also visited: Ossuary and Bailey.

You collected 559 gold pieces.

Inventory:

Hand Weapons
 a - a +0 war axe (weapon)
 N - the +2 battleaxe of Woitounn {vorpal, rElec rF+ rN+}
   (You took it off an orc on level 9 of the Dungeon)

   It inflicts extra damage upon your enemies.
   It protects you from fire.
   It insulates you from electricity.
   It protects you from negative energy.
Armour
 b - a +2 helmet (worn)
 c - a +0 kite shield (worn)
 v - a +0 pair of boots (worn)
 E - a +2 chain mail of poison resistance (worn)
 G - a +0 cloak (worn)
 I - a cursed +0 plate armour
Jewellery
 h - an amulet of regeneration (around neck)
 o - a cursed +6 ring of strength (left hand)
 t - a +4 ring of protection (right hand)
 x - an uncursed ring of poison resistance
 A - an uncursed ring of positive energy
 D - an uncursed ring of wizardry
 J - an uncursed ring of positive energy
 K - an uncursed ring of protection from cold
 O - a +6 ring of dexterity {unknown}
Wands
 P - a wand of flame (7)
 Q - a wand of iceblast (13)
Scrolls
 f - 2 scrolls of amnesia
 g - 8 scrolls of teleportation
 k - 2 scrolls of enchant armour {unknown}
 n - 3 scrolls of enchant weapon {unknown}
 p - 6 scrolls of magic mapping
 w - 8 scrolls of identify
 y - 3 scrolls of random uselessness {unknown}
 z - a scroll of blinking {unknown}
 B - 3 scrolls of fog {unknown}
 H - a scroll of noise {unknown}
 L - 3 scrolls of remove curse
Potions
 d - 5 potions of might
 e - 2 potions of berserk rage
 i - a potion of brilliance {unknown}
 j - 4 potions of attraction {unknown}
 l - 3 potions of flight {unknown}
 m - a potion of magic {unknown}
 q - 2 potions of mutation {unknown}
 r - 7 potions of curing
 s - 2 potions of lignification {unknown}
 u - a potion of invisibility {unknown}
 C - 2 potions of degeneration {unknown}
 F - a potion of heal wounds
 M - a potion of resistance {unknown}


   Skills:
 + Level 7.4 Fighting
 + Level 7.1 Axes
 + Level 6.7 Armour
 + Level 7.3 Shields


You had 9 spell levels left.
You didn't know any spells.
Your spell library contained the following spells:

 Spells                   Type           Power        Failure   Level
 Animate Skeleton         Necr           0%           99%         1
 Apportation              Tloc           0%           99%         1
 Corona                   Hex            0%           99%         1
 Shock                    Conj/Air       0%           99%         1
 Summon Small Mammal      Summ           0%           99%         1
 Swiftness                Air            0%           100%        2
 Static Discharge         Conj/Air       0%           100%        3
 Airstrike                Air            0%           100%        4
 Lightning Bolt           Conj/Air       0%           100%        5


Dungeon Overview and Level Annotations

Branches:
Dungeon (10/15)            Temple (1/1) D:5            Lair (0/6) D:10
Ossuary (visited)          Bailey (1/1)
    Orc: D:9-12

Altars:
Cheibriados
Dithmenos
Elyvilon
Fedhas
Gozag
Hepliaklqana
Kikubaaqudgha
Makhleb
Okawaru
Qazlal
Ru
Sif Muna
Trog
Uskayaw
Vehumet
Wu Jian
Xom
Yredelemnul
Zin
The Shining One


Innate Abilities, Weirdness & Mutations

You have razor-sharp teeth.
Your natural rate of healing is unusually fast.
When hurt, damage is shared between your health and your magic reserves.
Your bite disrupts and absorbs the magic of your enemies.
Potions cannot restore your health.


Message History

* * * LOW HITPOINT WARNING * * *
Unknown command.
It was a potion of berserk rage.
A red film seems to cover your vision as you go berserk!
You feel yourself moving faster!
You feel mighty! You block the sixfirhy's attack.
The sixfirhy barely misses you. You block the orc sorcerer's attack.
You block the rust devil's attack. The orc high priest barely misses you.
Unknown command.
Unknown command.
Unknown command.
Unknown command.
You are too berserk!
You are too berserk!
You are too berserk!
You feel a strong urge to attack something.
The sixfirhy hits you.
* * * LOW HITPOINT WARNING * * *
The sixfirhy shocks you!
You die...

.....≈≈≈≈≈.#.....##....#
...........'.....##....#
∩..........').⌠..##.._3#
...........')....##..4.# ##
.....≈≈≈≈≈.#)....##.go.#..#
.....≈≈≈≈≈.#''#####g.o.#..#
####.≈≈≈≈≈.#.....4#.o..#??#
#≈≈≈≈≈≈.#....3.#3...#
#≈≈≈≈≈######.@oo4..##
#≈≈≈≈≈# #.8.8o8.+ #≈≈≈≈≈#
#.......# #≈≈≈≈≈# #######+#
#≈≈≈≈≈# #≈≈≈≈≈#


You could see a soul eater (summoned), an orc high priest, an ice devil
(summoned), a rust devil (summoned), a sixfirhy (summoned), an orc sorcerer and
an orc.

Vanquished Creatures
  A wraith (Ossuary)
  A water moccasin (D:9)
  6 orc warriors
  A phantom (D:5)
  2 sky beasts
  4 ogres
  8 centaurs
  A necrophage (D:9)
  3 bullfrogs
  2 scorpions
  6 killer bees (D:8)
  4 wights (D:6)
  A centaur zombie (D:6)
  A howler monkey (D:8)
  A quasit (D:9)
  A bullfrog zombie (D:8)
  2 hounds
  5 jellies
  2 centaur skeletons
  7 orc priests
  A gnoll shaman (D:4)
  7 orc wizards
  2 bullfrog skeletons
  2 iguanas
  7 worker ants
  Natasha (thrice) (D:2)
  3 mummies (Ossuary)
  A worker ant zombie (D:9)
  2 howler monkey zombies
  Robin (D:2)
  13 adders
  9 gnolls
  3 shadow imps
  3 white imps
  3 ufetubi
  An ooze (D:1)
  3 worms
  4 dart slugs
  3 leopard geckos
  34 orcs
  5 bats
  3 giant cockroaches
  27 goblins
  14 hobgoblins
  3 jackals (D:3)
  4 quokkas
  2 ball pythons
  5 frilled lizards
  2 gnoll zombies (Ossuary)
  5 goblin zombies (Ossuary)
  A hobgoblin zombie (Ossuary)
  8 kobolds
  A kobold zombie (Ossuary)
  An orc zombie (Ossuary)
  A quokka skeleton (D:9)
  8 rats
254 creatures vanquished.

Notes
Turn   | Place    | Note
-------+----------+-------------------------------------------
     0 | D:1      | Riddle the Vine Stalker Fighter began the quest for the
                  | Orb.
     0 | D:1      | Reached XP level 1. HP: 11/11 MP: 2/2
   158 | D:1      | Reached XP level 2. HP: 16/16 MP: 3/3
   788 | D:1      | Reached XP level 3. HP: 19/20 MP: 2/4
  1189 | D:2      | Found a faded altar of an unknown god.
  1221 | D:2      | Noticed Robin
  1278 | D:2      | Killed Robin
  1279 | D:2      | Gained mutation: Your natural rate of healing is unusually
                  | fast. [Vine Stalker growth]
  1279 | D:2      | Reached XP level 4. HP: 19/24 MP: 5/5
  1546 | D:2      | Reached XP level 5. HP: 24/28 MP: 3/6
  1588 | D:2      | Noticed Natasha
  1598 | D:2      | Killed Natasha
  1824 | D:2      | Noticed Natasha
  1831 | D:2      | Killed Natasha
  1843 | D:2      | Noticed Natasha
  1848 | D:2      | Killed Natasha
  2113 | D:2      | Reached XP level 6. HP: 24/33 MP: 4/7
  3496 | D:4      | Found a shimmering blue altar of Sif Muna.
  3528 | D:4      | Reached XP level 7. HP: 29/37 MP: 6/8
  3645 | D:5      | Entered Level 5 of the Dungeon
  3978 | D:5      | Gained mutation: You have razor-sharp teeth. [Vine Stalker
                  | growth]
  3978 | D:5      | Reached XP level 8. HP: 35/42 MP: 9/9
  3995 | D:5      | Found a staircase to the Ecumenical Temple.
  4055 | Temple   | Entered the Ecumenical Temple
  4062 | Temple   | Became a worshipper of Ru the Awakened
  4390 | D:5      | Found an opulent altar of Gozag.
  4647 | D:5      | Reached skill level 5 in Shields
  4658 | D:5      | Reached skill level 5 in Fighting
  5064 | D:6      | Found an iron altar of Okawaru.
  5426 | D:6      | Reached skill level 5 in Axes
  5433 | D:6      | Reached skill level 5 in Armour
  5751 | D:7      | Found a sand-covered staircase.
  5768 | D:7      | Reached XP level 9. HP: 47/48 MP: 8/10
  5774 | Ossuary  | Entered an ossuary
  7410 | D:8      | Reached XP level 10. HP: 52/53 MP: 11/11
  7975 | D:9      | Identified the +2 battleaxe of Woitounn {vorpal, rElec rF+
                  | rN+}
  8481 | D:9      | Found a glowing golden altar of the Shining One.
  8649 | D:10     | Entered Level 10 of the Dungeon
  8711 | D:10     | Found a flagged portal.
  8726 | Bailey   | Entered a bailey
  8783 | Bailey   | Found an iron altar of Okawaru.
  8783 | Bailey   | Noticed an orc high priest
  8783 | Bailey   | Noticed an orc sorcerer
  8786 | Bailey   | Noticed a sun demon
  8793 | Bailey   | Noticed a soul eater
  8795 | Bailey   | Noticed a sixfirhy
  8795 | Bailey   | Noticed a rust devil
  8800 | Bailey   | HP: 2/79 [sixfirhy[an orc high priest] (5)]
  8800 | Bailey   | Mangled by a sixfirhy

Illustrated notes

Levels and vault maps discovered:
D:1:      matt_arrival_spirals, layout_loops_corners
D:2:      layout_basic, chequers_ecumenical_altar_simple_redux, uniq_natasha,
          uniq_robin
D:3:      layout_loops_ring
D:4:      layout_rooms, lemuel_round_altar
D:5:      kennysheep_big_flooded_room, layout_basic,
          nicolae_overflow_hidden_temple, minmay_temple_entry_proselytizer
D:6:      minmay_spotlight, layout_loops_cross, basic_altar,
          kennysheep_generic_room_4
D:7:      layout_basic, nicolae_ossuary_entry_ruins
D:8:      layout_cave_pools, small_chamber_with_monster
D:9:      layout_layer_cave, tso_altar
D:10:     layout_long_grid, erik_lair_orcish_takeover, enter_bailey_5,
          minmay_misc_feat_five
Temple:   minmay_crystal_spiral_temple
Bailey:   bailey_axe_of_yendor_kennysheep, bailey

Skill      XL: |  1  2  3  4  5  6  7  8  9 10 |
---------------+-------------------------------+-----
Axes           | 2 3 4 5 6 7 |  7.1
Fighting       | 3 4 5 6 7 |  7.4
Shields        | 3 4 5 6 7 |  7.3
Armour         | 3 4 5 6 |  6.7

Action                   |  1- 3 |  4- 6 |  7- 9 | 10-12 || total
-------------------------+-------+-------+-------+-------++-------
Melee: War axe           |    84 |   210 |   409 |   118 ||   821
       Bite              |    22 |    54 |   136 |    46 ||   258
Invok: Reject Sacrifices |       |       |     1 |       ||     1
  Use: Scroll            |       |     4 |     4 |     2 ||    10
       Potion            |       |       |       |     2 ||     2
Armor: Scale mail        |    16 |       |       |       ||    16
       Ring mail         |    13 |   100 |       |       ||   113
       Chain mail        |       |    19 |   294 |   103 ||   416
Dodge: Dodged            |    26 |    72 |   100 |    53 ||   251
Block: Kite shield       |    54 |   123 |   230 |   109 ||   516
